AoeStats
← Destiny

Arabia

506436028Analyzed
3v3 RM · 20d ago on Sep 13, 2026· 42m 55s· 6 players
Game mode
Random Map
Map size
Normal (6 player)
Population
200
Speed
Normal
Resources
Standard
Victory
Conquest
Starting age
Dark Age
Ending age
Imperial Age
RankedLock teamsTeams togetherTeam positionsShared explorationLock speedFull tech treeHidden civsTurbo modeCheats
Victory
Defeat
🇸🇪 Magyars · Sweden
937
+13
🇸🇪 Persians · Sweden
927
+14
🇸🇪 Malians · Sweden
856
+17
🇵🇱 Vietnamese · Poland
1058
-21
🇵🇱 Portuguese · Poland
866
-14
🇵🇱 Huns · Poland
713
-9
Vargazz
11:43 Feudal Age
10:09 Loom
11:55 Feudal Age
16:46 Castle Age
18:05 Scale Barding Armor
21:33 Bloodlines
24:39 Forging
26:44 Chain Barding Armor
26:36 Husbandry
28:28 Wheelbarrow
27:39 Town Watch
27:41 Double-Bit Axe
27:37 Horse Collar
29:27 Fletching
36:50 Bodkin Arrow
37:04 Thumb Ring
45:40 Imperial Age
Destiny
6:32 Loom
10:59 Feudal Age
12:14 Double-Bit Axe
19:32 Castle Age
22:28 Husbandry
28:08 Forging
28:39 Pikeman
39:22 Wheelbarrow
FrankeN
11:00 Feudal Age
12:18 Double-Bit Axe
30:51 Gold Mining
30:52 Stone Mining
36:06 Castle Age
36:42 Loom
Kim Jong eel
7:49 Loom
10:11 Feudal Age
11:15 Man-at-Arms
14:36 Arson
20:28 Double-Bit Axe
21:32 Horse Collar
24:47 Castle Age
23:03 Scale Mail Armor
23:14 Forging
25:34 Long Swordsman
28:47 Iron Casting
28:19 Scale Barding Armor
29:39 Pikeman
30:23 Squires
31:34 Wheelbarrow
32:09 Elite Skirmisher
35:56 Stone Mining
40:29 Hand Cart
RichardGere69
10:23 Feudal Age
11:46 Double-Bit Axe
15:51 Horse Collar
21:48 Castle Age
22:03 Crossbowman
22:43 Fletching
24:20 Bow Saw
25:06 Light Cavalry
25:57 Bloodlines
25:43 Bodkin Arrow
25:58 Thumb Ring
26:10 Pikeman
28:58 Loom
32:56 Padded Archer Armor
32:57 Scale Mail Armor
38:18 Ballistics
40:36 Imperial Age
38:46 Wheelbarrow
38:42 Town Watch
39:35 Masonry
40:30 Hand Cart
40:32 Husbandry
41:04 Hussar
41:50 Scale Barding Armor
43:05 Two-Man Saw
42:14 Halberdier
oscar33354
7:08 Loom
10:04 Feudal Age
10:42 Double-Bit Axe
10:38 Horse Collar
13:59 Scale Mail Armor
14:09 Scale Barding Armor
17:22 Bloodlines
17:25 Forging
17:56 Wheelbarrow
22:22 Castle Age
23:42 Hand Cart
24:16 Chain Barding Armor
24:32 Iron Casting
24:58 Husbandry
27:58 Heavy Plow
30:16 Town Watch
34:24 Town Patrol
34:47 Gold Mining
35:10 Bow Saw
Connection lost

Rejoining the realm…

Still unreachable

The connection could not be restored.

Session expired

The server has moved on; the page needs a fresh start.